 Dungeon Crawl Stone Soup version 0.27.1-33-g824d729ab1 (webtiles) character file.

Game seed: 193985104950782319

349109 raph the Stormcaller (level 21, -15/179 HPs)
             Began as a Pale Draconian Venom Mage on Dec 28, 2021.
             Was an Initiate of Gozag.
             Killed from afar by a raiju (16 damage)
             ... with a living lightning
             ... on level 2 of the Abyss.
             The game lasted 02:58:48 (104690 turns).

raph the Stormcaller (Pale Draconian Venom Mage)  Turns: 104690, Time: 02:58:49

Health: -15/179    AC: 18    Str: 10      XL:     21   Next: 55%
Magic:  15/25      EV: 14    Int: 19      God:    Gozag
Gold:   7079       SH: 11    Dex:  8 (9)  Spells: 3/44 levels left

rFire    . . .     SeeInvis +   a - +9 staff of Olgreb {rPois∞}
rCold    + . .     Faith    .   r - +2 buckler {rC+}
rNeg     . . .     Spirit   .   (armour unavailable)
rPois    ∞         Reflect  +   j - +0 mask of the Dragon {Will+ Slay+3 SInv}
rElec    .         Harm     .   N - +1 cloak
rCorr    .         Rampage  .   x - +2 pair of gloves
Will     ++...     Rnd*Rage +   c - +1 pair of boots Stlth +.........Rnd*Tele +
                                Z - amulet of reflection
HPRegen  0.39/turn              g - +4 ring of protection
MPRegen  0.19/turn              u - +4 ring of slaying

@: mighty, about to teleport, corroded, gold aura, on berserk cooldown, slowed,
very slow
A: breathe steam, AC +11, unfitting armour, cold-blooded, steam resistance, weak
1, [berserk 1], [clumsy 2], [deterioration 2], [dopey 2], [low mp 3], [screaming
2], [teleportitis 1], [subdued magic 2]
}: 1/15 runes: barnacled
a: Breathe Steam, Renounce Religion, Potion Petition, Call Merchant, Bribe
Branch


You were on level 2 of the Abyss.
You worshipped Gozag.
Gozag was greatly pleased with you.
You visited 8 branches of the dungeon, and saw 38 of its levels.
You visited the Abyss 1 time.

You collected 14379 gold pieces.
You spent 2588 gold pieces at shops.
You paid 4712 gold pieces to Gozag.

Inventory:

Hand Weapons
 a - the +9 staff of Olgreb (weapon) {rPois∞}
   (You found it on level 1 of the Shoals)

   If the wielder is skilled in Evocations, they can envenom those struck by it,
   dealing poison damage which bypasses armour.
   It enhances your poison magic.
   It grants immunity to poison.
   It can be evoked to radiate toxic energy, with effectiveness depending on
   Evocations skill.
 b - a +6 lajatang of draining
 y - a +3 quarterstaff
Missiles
 l - 17 curare-tipped darts
 G - 4 throwing nets
Armour
 c - a +1 pair of boots (worn)
 j - the +0 mask of the Dragon (worn) {Will+ Slay+3 SInv}
   (You bought it in a shop on level 1 of the Snake Pit)

   Slay:      It affects your accuracy & damage with ranged weapons and melee
   (+3).
   SInv:      It lets you see invisible.
   Will:      It increases your willpower.
 r - a +2 buckler of cold resistance (worn)
 x - a +2 pair of gloves (worn)
 N - a +1 cloak (worn)
Jewellery
 g - a +4 ring of protection (left hand)
 u - a +4 ring of slaying (right hand)
 v - a ring of magical power
 D - a +4 ring of slaying
 P - a ring of flight
 T - a +4 ring of protection
 Z - an amulet of reflection (around neck)
Wands
 s - a wand of digging (4)
 t - a wand of iceblast (27)
 w - a wand of polymorph (35)
 z - a wand of acid (2)
 A - a wand of mindburst (57)
 B - a wand of flame (77)
 Y - a wand of charming (12)
Scrolls
 q - 2 scrolls of amnesia
 C - 5 scrolls of teleportation
 F - 3 scrolls of magic mapping
 H - 16 scrolls of identify
 I - a scroll of blinking
 M - 3 scrolls of holy word
 O - 5 scrolls of immolation
 R - a scroll of silence
 U - a scroll of fear
 X - 9 scrolls of fog
Potions
 d - 2 potions of magic
 e - 3 potions of might
 f - 7 potions of haste
 h - 2 potions of berserk rage
 i - 4 potions of flight
 k - 3 potions of cancellation
 m - 13 potions of curing
 n - 9 potions of mutation
 o - 16 potions of ambrosia
 E - 4 potions of brilliance
 J - 4 potions of invisibility
 K - 3 potions of attraction
 V - 4 potions of resistance
Miscellaneous
 L - a phial of floods
 Q - a condenser vane
 S - a phantom mirror


   Skills:
 + Level 13.6 Fighting
 - Level 14.0 Staves
 + Level 11.0 Dodging
 - Level 1.7 Stealth
 - Level 4.0 Shields
 + Level 12.0 Spellcasting
 + Level 18.2 Conjurations
 - Level 7.5 Translocations
 - Level 1.0 Transmutations
 * Level 6.3 Fire Magic
 - Level 18.2 Air Magic
 - Level 10.0 Poison Magic
 - Level 8.1 Evocations


You had 3 spell levels left.
You knew the following spells:

 Your Spells              Type           Power      Damage    Failure   Level
a - Sting                 Tmut/Pois      100%       1d8       1%          1
b - Poisonous Vapours     Pois/Air       100%       N/A       0%          2
c - Mephitic Cloud        Conj/Pois/Air  60%        N/A       0%          3
d - Orb of Destruction    Conj           25%        9d10      1%          7
e - Foxfire               Conj/Fire      100%       2x1d9     0%          1
f - Iskenderun's Mystic   Conj/Tloc      37%        2d9       1%          4
g - Airstrike             Air            25%        N/A       0%          4
h - Blink                 Tloc           N/A        N/A       1%          2
i - Lightning Bolt        Conj/Air       25%        1d41      1%          5
j - Fireball              Conj/Fire      18%        3d9       1%          5
k - Apportation           Tloc           48%        N/A       1%          1
l - Starburst             Conj/Fire      18%        6d7       3%          6

Your spell library contained the following spells:

 Spells                   Type           Power      Damage    Failure   Level
 Shock                    Conj/Air       100%       1d9       0%          1
 Swiftness                Air            50%        N/A       0%          3
 Corpse Rot               Necr/Air       N/A        N/A       1%          2
 Conjure Flame            Conj/Fire      36%        6-21      1%          3
 Dazzling Flash           Conj/Hex       56%        N/A       1%          3
 Gell's Gravitas          Tloc           12%        N/A       1%          3
 Lesser Beckoning         Tloc           12%        N/A       1%          3
 Portal Projectile        Hex/Tloc       32%        N/A       1%          3
 Teleport Other           Tloc           24%        N/A       1%          3
 Inner Flame              Hex/Fire       14%        N/A       2%          3
 Animate Skeleton         Necr           14%        N/A       3%          1
 Corona                   Hex            7%         N/A       3%          1
 Summon Small Mammal      Summ           28%        N/A       3%          1
 Passwall                 Tmut/Erth      6%         N/A       4%          2
 Slow                     Hex            7%         N/A       5%          2
 Call Canine Familiar     Summ           7%         N/A       13%         3
 Confusing Touch          Hex            7%         N/A       13%         3
 Frozen Ramparts          Ice            14%        1d3       13%         3
 Tukima's Dance           Hex            7%         N/A       13%         3
 Olgreb's Toxic Radiance  Pois           46%        N/A       1%          4
 Passage of Golubria      Tloc           N/A        N/A       1%          4
 Summon Lightning Spire   Summ/Air       28%        N/A       1%          4
 Freezing Cloud           Conj/Ice/Air   18%        6-21      1%          5
 Iskenderun's Battlesphe  Conj           50%        2d10      1%          5
 Conjure Ball Lightning   Conj/Air       25%        3x3d7     1%          6
 Silence                  Hex/Air        14%        N/A       2%          5
 Bolt of Magma            Conj/Fire/Erth 13%        4d8       3%          5
 Manifold Assault         Tloc           24%        N/A       4%          5
 Alistair's Intoxication  Tmut/Pois      20%        N/A       12%         5
 Ice Form                 Ice/Tmut       8%         N/A       34%         4
 Cause Fear               Hex            3%         N/A       43%         4
 Leda's Liquefaction      Hex/Erth       3%         N/A       43%         4
 Summon Ice Beast         Ice/Summ       7%         N/A       43%         4
 Eringya's Noxious Bog    Tmut/Pois      15%        N/A       58%         6
 Yara's Violent Unravell  Hex/Tmut       4%         3d4       73%         5
 Agony                    Necr           7%         N/A       80%         5
 Borgnjor's Vile Clutch   Necr/Erth      3%         N/A       80%         5
 Chain Lightning          Conj/Air       25%        3d33      96%         9
 Invisibility             Hex            3%         N/A       100%        6
 Statue Form              Tmut/Erth      5%         N/A       100%        6
 Dragon Form              Tmut           4%         N/A       100%        7
 Malign Gateway           Summ/Tloc      8%         N/A       100%        7
 Borgnjor's Revivificati  Necr           3%         N/A       100%        8
 Lehudib's Crystal Spear  Conj/Erth      14%        10d5      100%        8
 Necromutation            Tmut/Necr      4%         N/A       100%        8
 Summon Horrible Things   Summ           3%         N/A       100%        8
 Death's Door             Necr           3%         N/A       100%        9
 Dragon's Call            Summ           3%         N/A       100%        9
 Fire Storm               Conj/Fire      18%        8d5       100%        9


Dungeon Overview and Level Annotations

Branches:
Dungeon (15/15)            Temple (1/1) D:7            Lair (6/6) D:11
 Shoals (4/4) Lair:3        Snake (3/4) Lair:3        Slime (0/5) Lair:5
    Orc (2/2) D:11            Elf (3/3) Orc:2        Vaults (4/5) D:13
  Crypt (0/3) Vaults:2     Depths (0/5) D:15

Altars:
Ashenzari
Cheibriados
Dithmenos
Elyvilon
Fedhas
Gozag
Hepliaklqana
Kikubaaqudgha
Makhleb
Nemelex Xobeh
Okawaru
Qazlal
Ru
Sif Muna
Trog
Uskayaw
Vehumet
Wu Jian
Xom
Yredelemnul
Zin
The Shining One
Beogh
Jiyva

Shops:
D:13 (   D:15 (   Orc:2 ([[**:   Elf:2 *   Shoals:3 (   Snake:1 =[[[
Vaults:3 (

Annotations:
D:5 Grinder
D:11 3 runed translucent doors, Palewisp's ghost, journeyman FoFi
Orc:2 1 runed translucent door, diceflayer's ghost, journeyman MiFi
Vaults:1 3 runed translucent doors, Hoalahit's ghost, veteran KoMo; Vaocoss's ghost, adept GrFi; crisisinutopia's ghost, adept MiFi; hyperkahler's ghost, veteran MiFi; quaternion's ghost, veteran MiFi
Vaults:4 Margery


Innate Abilities, Weirdness & Mutations

You can breathe blasts of scalding, opaque steam.
Your pale cyan-grey scales are hard. (AC +11)
You cannot fit into any form of body armour.
You are cold-blooded and may be slowed by cold attacks.
You are immune to the effects of steam.
You are weak. (Str -2)
[You tend to lose your temper in combat.]
[You are very clumsy. (Dex -4)]
[Your body often deteriorates upon taking damage.]
[You are very dopey. (Int -4)]
[Your magical capacity is extremely low. (-30% MP)]
[You frequently scream uncontrollably at your foes.]
[You are occasionally teleported next to monsters.]
[Your spells are easier to cast, but less powerful.]


Message History

Something shouts, "Go and return not, thou errant ill-nurtured bladder!"
You hear a roar!
You hear a bark! x2; You hear a roar!
You hear a croak. x2
You hear a bellow!
You hear a loud, deep croak!
You hear a shout!
You hear a croak.
You hear a loud, deep croak!
You hear a bark!
You hear a shout!
The ufetubus is no longer distracted by gold.
You block the spatial maelstrom's attack.
The spatial maelstrom hits you.
* * * LOW HITPOINT WARNING * * *
Space bends around you.
* * * LOW HITPOINT WARNING * * *
The brown very ugly thing stings you but does no damage.
The spatial maelstrom hits you but does no damage.
The spatial maelstrom barely misses you.
A spatial vortex comes into view.
Casting: Lightning Bolt (safe; 1% risk of failure)
Confirm with . or Enter, or press ? or * to list all spells.
Aiming: Lightning Bolt (safe; 1% risk of failure)
Press: ? - help, Shift-Dir - straight line, p - raiju You hear a mighty clap of thunder!
The bolt of lightning hits the spatial maelstrom!
The spatial maelstrom resists.
The spatial maelstrom is moderately damaged.
The bolt of lightning misses the spatial maelstrom.
You hear a loud, deep croak!
You hear a bark!
You hear a roar!
You hear a bark!
The spatial maelstrom hits you but does no damage.
The spatial maelstrom closely misses you.
The brown very ugly thing stings you!
* * * LOW HITPOINT WARNING * * *
The acid corrodes you!
You are splashed with acid!
* * * LOW HITPOINT WARNING * * *
The wretched star is distracted by your dazzling golden aura.
A spatial vortex comes into view.
You sock the raiju!
You envenom the raiju!
The raiju is poisoned.
The raiju is heavily wounded.
The brown very ugly thing completely misses you.
The raiju bursts into living lightning!
The living lightning hits you!
You die...
Your body crumbles into a pile of gold.

≈# ....# . #
. #≈..$.#..#
# # #≈ ..
...## ##
#≈....
$.#.##.# # #
#$$ #.§...#
.X.##.#v#5#
#≈ ## #
#*#h#v#. ..
# #X#.
##uh#v#v#...
#
#@hv.v..v#..
. #≈ #X#
###.vv.#v..
# # ###'#.#
.v### . # #.
$ ## ##.#.#X
#...
.*#...u#
##... .
..#h$$.....#
# . .


.hY ... . . . .$. .. # . .. ..... .... You could see a brown very ugly thing, 9
spatial vortices, 3 raiju and an ufetubus.

Vanquished Creatures
  A bone dragon (Vaults:2)
  Rupert (D:12)
  A deep elf blademaster (Elf:2)
  Polyphemus (Shoals:4)
  A kraken (Shoals:1)
  2 sphinxes (Vaults:1)
  2 tentacled starspawn (Abyss:2)
  Agnes (Elf:2)
  Roxanne (Elf:2)
  A nagaraja (Snake:2)
  Ilsuiw (Shoals:4)
  A frost giant (Shoals:3)
  3 orc warlords
  7 vault wardens
  Aizul (Shoals:3)
  17 ironbound preservers
  A very ugly thing (Vaults:4)
  A stone giant (D:15)
  An entropy weaver (Vaults:2)
  A minotaur (Shoals:2)
  Azrael (Elf:2)
  A dire elephant (D:13)
  9 merfolk javelineers
  An ettin (Vaults:2)
  A deep elf death mage (Elf:2)
  7 merfolk impalers (Shoals:4)
  2 deep elf high priests
  6 yaktaur captains
  2 great orbs of eyes
  13 hydras
  A salamander tyrant (Snake:2)
  A peacekeeper (Vaults:2)
  Fannar (D:10)
  Erolcha (Orc:2)
  12 vault guards
  3 boulder beetles
  2 rakshasas
  4 ironbound thunderhulks
  A merfolk avatar (Shoals:1)
  A naga warrior (Snake:2)
  2 catoblepae
  2 ogre magi (D:15)
  6 merfolk aquamancers
  6 ironbound frosthearts
  6 centaur warriors
  A death knight (D:13)
  10 anacondas
  2 alligator snapping turtles
  A satyr (Shoals:2)
  11 two-headed ogres
  6 tengu warriors
  36 death yaks
  6 naga sharpshooters
  A hell hog (Abyss:2)
  A deep troll shaman (Lair:6)
  3 orc high priests (Orc:2)
  8 shock serpents
  15 deep elf knights
  4 ironbound beastmasters
  A wretched star (Abyss:2)
  2 hell knights (Vaults:4)
  5 skeletal warriors
  2 cherubim (D:14)
  47 deep trolls
  5 lindwurms
  6 sea snakes
  6 naga ritualists
  Pikel (D:5)
  A necromancer (Vaults:3)
  6 deep elf archers
  10 ironbound convokers
  29 harpies
  A phantasmal warrior (Vaults:2)
  5 wizards
  18 deep elf zephyrmancers
  11 orc knights
  8 mana vipers
  6 orc sorcerers
  10 ugly things
  33 deep elf pyromancers
  10 manticores
  An oklob plant (Lair:1)
  10 salamanders
  Maurice (D:9)
  2 worldbinders (Abyss:2)
  6 elephants
  3 cyclopes
  12 fauns
  14 vault sentinels
  29 black mambas
  2 merfolk sirens
  6 water nymphs
  Joseph (D:8)
  A gargoyle (D:11)
  12 cane toads
  6 naga magi
  2 smoke demons (Abyss:2)
  10 komodo dragons
  2 kobold demonologists
  13 yaktaurs
  4 rime drakes
  2 tengu conjurers (D:15)
  A yaktaur (shapeshifter) (Elf:3)
  An ancient zyme (Abyss:2)
  A queen bee (D:10)
  6 meliai
  2 polar bears
  32 merfolk
  2 trolls
  A jumping spider (shapeshifter) (D:14)
  2 hornets
  4 raiju (Abyss:2)
  12 dream sheep
  4 wind drakes
  17 slime creatures
  10 snapping turtles
  13 blink frogs
  3 shadows
  2 vampires
  A tarantella (Vaults:2)
  3 redbacks (Vaults:2)
  17 water elementals
  3 air elementals
  A wyvern (shapeshifter) (D:14)
  46 yaks
  2 wyverns
  6 fire elementals
  6 steam dragons
  4 fire bats (Abyss:2)
  4 basilisks
  Eustachio (D:6)
  A neqoxec (Abyss:2)
  2 wargs (D:15)
  12 vampire mosquitoes
  14 nagas
  Duvessa (D:5)
  2 large abominations (Abyss:2)
  19 water moccasins
  A hell hound (Elf:2)
  2 acid dragons
  A necrophage (D:7)
  2 sky beasts
  37 orc warriors
  A human skeleton (Vaults:3)
  5 black bears
  An ettin simulacrum (Vaults:3)
  10 ogres
  8 wolves
  10 centaurs
  A lemure (D:5)
  2 phantoms
  16 bullfrogs
  5 kobold brigands
  2 scorpions
  An earth elemental (Elf:1)
  3 gnoll sergeants
  Dowan (D:5)
  A wyvern skeleton (D:6)
  2 water moccasin skeletons
  24 killer bees (D:10)
  6 wights (D:7)
  An electric eel (Elf:3)
  6 howler monkeys
  A spectral centaur (D:10)
  A human simulacrum (Vaults:3)
  5 centaur zombies
  A lava snake (Snake:2)
  An iron imp (Abyss:2)
  27 orc priests
  3 hounds
  2 bullfrog skeletons
  5 centaur skeletons
  3 iguanas
  Ijyb (D:4)
  32 orc wizards
  Terence (D:2)
  A killer bee zombie (D:6)
  Robin (D:2)
  9 gnolls
  4 howler monkey zombies
  9 adders
  A shadow imp (D:7)
  A white imp (D:5)
  An ufetubus (Abyss:2)
  3 dart slugs
  77 orcs
  6 endoplasms
  5 giant cockroaches
  14 goblins
  10 hobgoblins
  7 jackals
  21 kobolds
  2 quokkas (D:3)
  2 ball pythons (D:4)
  7 bats
  5 frilled lizards
  5 rats
  2 tentacles (Shoals:1)
1288 creatures vanquished.

Vanquished Creatures (collateral kills)
  2 ball lightnings (Shoals:1)
  12 foxfires
14 creatures vanquished.

Vanquished Creatures (others)
  31 dancing weapons
  2 deep elf knights
  A deep elf zephyrmancer (Elf:3)
  Psyche (D:12)
  A water elemental (Shoals:4)
  2 orcs (D:6)
  16 ball lightnings (Shoals:1)
  A bush (Lair:6)
  399 foxfires
  34 fungi
  283 plants
  3 starspawn tentacles (Abyss:2)
  21 tentacles (Shoals:1)
795 creatures vanquished.

Grand Total: 2097 creatures vanquished

Notes
Turn   | Place    | Note
-------+----------+-------------------------------------------
     0 | D:1      | raph the Draconian Venom Mage began the quest for the Orb.
     0 | D:1      | Reached XP level 1. HP: 14/14 MP: 3/3
   124 | D:1      | Reached XP level 2. HP: 18/20 MP: 0/5
   612 | D:1      | Learned a level 2 spell: Poisonous Vapours
   920 | D:1      | Reached XP level 3. HP: 26/26 MP: 4/6
  1169 | D:2      | Noticed Robin
  1244 | D:2      | Killed Robin
  1578 | D:2      | Noticed Terence
  1816 | D:2      | Learned a level 3 spell: Mephitic Cloud
  1830 | D:2      | Found a blossoming altar of Fedhas.
  1873 | D:2      | Reached XP level 4. HP: 33/33 MP: 2/7
  2444 | D:2      | Found a faded altar of an unknown god.
  2605 | D:2      | Killed Terence
  2606 | D:2      | Reached skill level 1 in Conjurations
  2606 | D:2      | Reached skill level 5 in Poison Magic
  2709 | D:3      | Found a hide-covered altar of Uskayaw.
  2817 | D:3      | Found a burning altar of Makhleb.
  3078 | D:3      | Reached XP level 5. HP: 33/38 MP: 5/8
  3954 | D:4      | Reached XP level 6. HP: 30/45 MP: 0/9
  4330 | D:4      | Noticed Ijyb
  4339 | D:4      | Killed Ijyb
  5121 | D:5      | Entered Level 5 of the Dungeon
  6162 | D:5      | Your scales start taking on a pale cyan-grey colour.
  6162 | D:5      | Reached XP level 7. HP: 42/50 MP: 10/10
  6162 | D:5      | Gained mutation: You are immune to the effects of steam.
                  | [Pale Draconian growth]
  6241 | D:5      | Learned a level 4 spell: Olgreb's Toxic Radiance
  6367 | D:5      | Noticed Duvessa
  6367 | D:5      | Noticed Dowan
  6432 | D:5      | Noticed Pikel
  6455 | D:5      | Killed Pikel
  6456 | D:5      | Reached XP level 8. HP: 50/57 MP: 3/11
  7247 | D:5      | Noticed Grinder
  7269 | D:5      | Killed Dowan
  7298 | D:5      | Killed Duvessa
  7979 | D:6      | Noticed Eustachio
  8335 | D:6      | Killed Eustachio
  8458 | D:6      | Learned a level 1 spell: Foxfire
  8671 | D:6      | Reached XP level 9. HP: 62/62 MP: 12/12
  8716 | D:6      | Found a stormy altar of Qazlal.
  9347 | D:6      | Reached skill level 1 in Fighting
 10065 | D:7      | Found a staircase to the Ecumenical Temple.
 10136 | Temple   | Entered the Ecumenical Temple
 10323 | Temple   | Became a worshipper of Gozag Ym Sagoz the Greedy
 11143 | D:7      | Found a blossoming altar of Fedhas.
 11836 | D:7      | Reached skill level 10 in Poison Magic
 12145 | D:8      | Reached XP level 10. HP: 78/78 MP: 4/15
 12295 | D:8      | Found a radiant altar of Vehumet.
 12299 | D:8      | Noticed Joseph
 12319 | D:8      | Killed Joseph
 12507 | D:8      | Found an ornate altar of the Wu Jian Council.
 13026 | D:8      | Noticed a two-headed ogre
 13034 | D:8      | Killed a two-headed ogre
 13035 | D:8      | Reached skill level 5 in Staves
 13112 | D:8      | Learned a level 4 spell: Iskenderun's Mystic Blast
 13343 | D:9      | Noticed a two-headed ogre
 13355 | D:8      | Killed a two-headed ogre
 13356 | D:8      | Reached skill level 1 in Translocations
 14507 | D:9      | Noticed Maurice
 14515 | D:9      | Killed Maurice
 15152 | D:10     | Entered Level 10 of the Dungeon
 15217 | D:10     | Reached XP level 11. HP: 83/83 MP: 8/16
 16086 | D:10     | Noticed a white ugly thing
 16086 | D:10     | Noticed a six-headed hydra
 16087 | D:10     | Noticed a five-headed hydra
 16088 | D:10     | Noticed an orc knight
 16145 | D:10     | Killed an orc knight
 16711 | D:11     | Reached skill level 10 in Conjurations
 17054 | D:11     | Reached skill level 5 in Translocations
 17154 | D:11     | Noticed a boulder beetle
 17169 | D:11     | Killed a boulder beetle
 17653 | D:11     | Found a runed translucent gate.
 17654 | D:11     | Found a runed translucent gate.
 17655 | D:11     | Found a runed translucent gate.
 17656 | D:11     | Noticed Palewisp's ghost (journeyman FoFi)
 17656 | D:11     | Identified the +5 chain mail of Biexzien {+Inv Int-4 Dex+6}
 17796 | D:11     | Reached skill level 10 in Staves
 18014 | D:11     | Found a staircase to the Lair.
 18190 | D:11     | Found a staircase to the Orcish Mines.
 18319 | Lair:1   | Entered Level 1 of the Lair of Beasts
 18651 | Lair:1   | Noticed a six-headed hydra
 18697 | Lair:1   | HP: 4/83 [six-headed hydra (8)]
 18703 | Lair:1   | Killed a six-headed hydra
 18704 | Lair:1   | Reached XP level 12. HP: 6/91 MP: 2/17
 20321 | Lair:2   | Found a broken altar of Ashenzari.
 21687 | Lair:3   | Found a staircase to the Shoals.
 22171 | Lair:3   | Noticed an eight-headed hydra
 22179 | Lair:3   | Noticed a five-headed hydra
 23986 | Lair:4   | Noticed a death yak
 24179 | Lair:3   | Reached skill level 1 in Air Magic
 24278 | Lair:3   | Killed a five-headed hydra
 24337 | Lair:3   | Noticed a four-headed hydra
 24364 | Lair:3   | Killed a four-headed hydra
 24538 | Lair:3   | Killed a ten-headed hydra
 24820 | Lair:3   | Reached XP level 13. HP: 96/96 MP: 19/19
 24946 | Lair:3   | Found a staircase to the Snake Pit.
 26198 | Lair:4   | Learned a level 4 spell: Airstrike
 27228 | Lair:5   | Reached skill level 5 in Spellcasting
 27228 | Lair:5   | Reached skill level 5 in Air Magic
 27629 | Lair:5   | Found a viscous altar of Jiyva.
 27629 | Lair:5   | Found a staircase to the Slime Pits.
 29032 | Lair:6   | Entered Level 6 of the Lair of Beasts
 31865 | Lair:6   | Reached XP level 14. HP: 93/103 MP: 5/23
 37573 | Lair:6   | Reached skill level 10 in Air Magic
 38088 | Orc:1    | Entered Level 1 of the Orcish Mines
 38534 | Orc:2    | Entered Level 2 of the Orcish Mines
 38537 | Orc:2    | Noticed Erolcha
 38731 | Orc:2    | Killed Erolcha
 39107 | Orc:2    | Found a runed translucent door.
 39631 | Orc:2    | Noticed an orc warlord
 39983 | Orc:2    | Reached skill level 5 in Fighting
 40496 | Orc:2    | Killed an orc warlord
 41837 | Orc:2    | Reached XP level 15. HP: 94/113 MP: 4/26
 42192 | Orc:2    | Found a staircase to the Elven Halls.
 42437 | Orc:2    | Found Deaneipt's General Store.
 42444 | Orc:2    | Found Ymegee's Antique Armour Shop.
 42468 | Orc:2    | Found Keam's Antique Weapon Shop.
 42469 | Orc:2    | Found Kerebek's Book Boutique.
 42475 | Orc:2    | Bought a book of Spatial Translocations for 312 gold pieces
 42478 | Orc:2    | Learned a level 2 spell: Blink
 42487 | Orc:2    | Bought a pair of glowing gloves for 217 gold pieces
 42661 | Orc:2    | Noticed diceflayer's ghost (journeyman MiFi)
 44676 | D:10     | Identified the ring "Xeiqovur" {*Slow +Blink rN+ Will+}
 44692 | D:10     | Learned a level 5 spell: Lightning Bolt
 44730 | D:10     | Noticed Fannar
 44740 | D:10     | Killed Fannar
 45717 | D:12     | Noticed Psyche
 45724 | D:12     | Killed Psyche
 45963 | D:12     | Noticed Rupert
 45995 | D:12     | Killed Rupert
 47214 | D:13     | Reached skill level 5 in Dodging
 48702 | D:13     | Found a gate to the Vaults.
 50881 | D:14     | You fall into a shaft and drop 1 floor!
 50881 | D:15     | Entered Level 15 of the Dungeon
 50894 | D:15     | Reached XP level 16. HP: 109/126 MP: 5/28
 51820 | D:15     | Found a staircase to the Depths.
 52111 | D:15     | Found Tatiqoma's Weapon Emporium.
 52541 | D:15     | Reached skill level 15 in Conjurations
 54706 | Shoals:1 | Entered Level 1 of the Shoals
 54714 | Shoals:1 | Learned a level 6 spell: Conjure Ball Lightning
 54748 | Shoals:1 | Noticed a kraken
 54993 | Shoals:1 | Killed a kraken
 55201 | Shoals:1 | Found the +9 staff of Olgreb {rPois∞}
 55703 | Shoals:1 | Reached skill level 1 in Evocations
 55705 | Shoals:1 | Reached skill level 1 in Shields
 56533 | Shoals:1 | Learned a level 5 spell: Fireball
 58017 | Shoals:2 | Reached skill level 5 in Evocations
 58431 | Shoals:2 | Reached skill level 10 in Fighting
 59904 | Shoals:2 | Found a hide-covered altar of Uskayaw.
 60512 | Shoals:3 | Noticed Aizul
 60524 | Shoals:3 | Killed Aizul
 62111 | Shoals:3 | Found Woecwiof's Antique Weapon Shoppe.
 62282 | Shoals:3 | Reached XP level 17. HP: 140/140 MP: 29/29
 62700 | Snake:1  | Entered Level 1 of the Snake Pit
 62792 | Snake:1  | Reached XP level 18. HP: 40/149 MP: 8/30
 64312 | Snake:1  | Found Meunwan's Jewellery Emporium.
 64320 | Snake:1  | Bought an amulet of reflection for 390 gold pieces
 64970 | Snake:1  | Found Wohaj's Armour Emporium.
 64978 | Snake:1  | Bought the +0 mask of the Dragon {Will+ Slay+3 SInv} for
                  | 634 gold pieces
 64978 | Snake:1  | Found the +0 mask of the Dragon {Will+ Slay+3 SInv}
 65011 | Snake:1  | Found Ennenem's Armour Shoppe.
 65554 | Snake:1  | Found Osumoz's Armour Emporium.
 65562 | Snake:1  | Bought a +2 buckler of cold resistance for 279 gold pieces
 70438 | Shoals:4 | Entered Level 4 of the Shoals
 72281 | Shoals:4 | Learned a level 1 spell: Apportation
 74780 | Shoals:4 | Noticed Ilsuiw
 74797 | Shoals:4 | Killed Ilsuiw
 77264 | Shoals:4 | Reached XP level 19. HP: 158/158 MP: 27/32
 77652 | Shoals:4 | Noticed Polyphemus
 77815 | Shoals:4 | Killed Polyphemus
 78974 | Shoals:4 | Reached skill level 15 in Air Magic
 79306 | Shoals:4 | Got a barnacled rune of Zot
 79548 | Vaults:1 | Entered Level 1 of the Vaults
 81319 | Lair:1   | Learned a level 7 spell: Orb of Destruction
 82741 | Vaults:1 | Reached skill level 10 in Spellcasting
 84066 | Vaults:1 | Found a runed translucent gate.
 84066 | Vaults:1 | Found a runed translucent gate.
 84067 | Vaults:1 | Found a runed translucent gate.
 84067 | Vaults:1 | Noticed crisisinutopia's ghost (adept MiFi)
 84067 | Vaults:1 | Noticed quaternion's ghost (veteran MiFi)
 84068 | Vaults:1 | Noticed hyperkahler's ghost (veteran MiFi)
 84068 | Vaults:1 | Noticed Hoalahit's ghost (veteran KoMo)
 84069 | Vaults:1 | Noticed Vaocoss's ghost (adept GrFi)
 86429 | Vaults:2 | Found a staircase to the Crypt.
 86440 | Vaults:2 | Noticed a bone dragon
 86477 | Vaults:2 | Killed a bone dragon
 86478 | Vaults:2 | Reached XP level 20. HP: 165/167 MP: 9/34
 90128 | Vaults:3 | You fall into a shaft and drop 1 floor!
 91370 | Vaults:3 | Found Xegietry's Antique Weapon Shoppe.
 91379 | Vaults:3 | Bought a glowing quarterstaff for 245 gold pieces
 93003 | Vaults:4 | Reached skill level 10 in Dodging
 95177 | Vaults:4 | HP: 6/160 [hell knight/bolt of fire[Margery] (32)]
 95636 | Vaults:4 | Noticed Margery
 96355 | Elf:1    | Entered Level 1 of the Elven Halls
 97371 | Elf:1    | Identified the +2 mace "Ogoan" {freeze, rCorr}
 98159 | Elf:1    | Identified the +1 ring mail of Toagaduo {Contam Harm rCorr
                  | Slay+3}
 98692 | Elf:1    | Reached XP level 21. HP: 178/178 MP: 15/36
 98843 | Elf:1    | Learned a level 6 spell: Starburst
 98898 | Elf:2    | Reached skill level 1 in Fire Magic
 99335 | Elf:2    | Found Ivaefohi's Assorted Antiques.
 99346 | Elf:2    | Bought a potion of heal wounds for 155 gold pieces
 99346 | Elf:2    | Bought a potion of magic for 248 gold pieces
 99346 | Elf:2    | Bought a scroll of amnesia for 108 gold pieces
 99377 | Elf:2    | Identified the +9 morningstar of the Dark Horse {vorpal,
                  | rF+ rN+ MP-9 Stlth+}
 99451 | Elf:2    | Noticed Azrael
 99456 | Elf:2    | Killed Azrael
100177 | Elf:2    | Found a shimmering blue altar of Sif Muna.
100442 | Elf:2    | Identified Roxanne's Guide on the Rocks
100442 | Elf:2    | Noticed Roxanne
100450 | Elf:2    | Killed Roxanne
100720 | Elf:2    | Found a runed translucent gate.
100722 | Elf:2    | Found a runed translucent gate.
100723 | Elf:2    | Found a runed translucent gate.
101221 | Elf:2    | Noticed Agnes
101248 | Elf:2    | Killed Agnes
102605 | Elf:2    | Reached skill level 5 in Fire Magic
102922 | Elf:3    | Entered Level 3 of the Elven Halls
104234 | Elf:3    | Cast into level 2 of the Abyss (a deep elf sorcerer)
104400 | Abyss:2  | Gained mutation: You are weak. (Str -2) [a neqoxec]
104689 | Abyss:2  | HP: 1/179 [acid (9)]
104690 | Abyss:2  | Killed from afar by a raiju

Illustrated notes

Levels and vault maps discovered:
D:1:      wander_arrival_fairy_ring, layout_basic, minmay_hedge_maze
D:2:      layout_basic, shapermc_ecumenical_altar_petra, basic_altar,
          uniq_robin, uniq_terence
D:3:      layout_rooms, nicolae_uskayaw_murder_on_the_dancefloor,
          mainiacjoe_overflow_concentric_impassable, dk_vineyard_1,
          uniq_crazy_yiuf_cottage
D:4:      minmay_opposing_rooms, layout_basic, serial_bayou_pond_e, uniq_ijyb
D:5:      layout_basic, portal_sewer_entry_d, st_stairs_1, uniq_pikel,
          uniq_grinder, uniq_duvessa
D:6:      layout_basic, nicolae_qazlal_scattered_showers,
          minmay_fractal_squares_5, uniq_eustachio
D:7:      layout_basic, pf_just_have_faith, minmay_temple_entry_proselytizer
D:8:      layout_loops_cross, mainiacjoe_overflow_catch_the_wave,
          chequers_serial_rivers_micro_e, uniq_joseph
D:9:      minmay_inner_zag, layout_basic, uniq_maurice
D:10:     minmay_the_grid_triangle_9x9_rhombus_thin_mashed
          [minmay_the_grid_triangle_9x9_corruption,
          minmay_the_grid_triangle_9x9_prize_center,
          minmay_the_grid_triangle_9x9_longest,
          minmay_the_grid_triangle_9x9_semitri], layout_gridville, special_room
          [special_room_bee], solitary_fountain, minmay_misc_feat_ornament,
          hangedman_weighted_door, uniq_fannar
D:11:     layout_cross, grunt_lair_entry_orc_guard_hut, orc_0_dummy,
          biasface_ghost_orc_armoury
D:12:     layout_loops_ring, minmay_misc_feat_four_crosses,
          minmay_variable_closet, amcnicky_mini_pool_small, uniq_psyche,
          uniq_rupert
D:13:     layout_irregular_city, erik_vaults_2, minmay_misc_feat_more_columns
D:14:     layout_loops_ring, grunt_decor_mini_mirrors, pf_eden
D:15:     grunt_enter_depths_snipers, layout_basic, serial_aquarium,
          aquarium_bridge_island_small [aquarium_subvault_small_open,
          aquarium_subvault_window, aquarium_subvault_bridge,
          aquarium_subvault_wall, aquarium_subvault_window],
          aquarium_window_fake, aquarium_window_1, aquarium_view_2d,
          aquarium_view_2e, serial_shops, nicolae_lakefront_shop
Temple:   regret_index_temple_sphere_string
Lair:1:   layout_regular_city, beast_lair_carwin_3, serial_bayou_shore_a,
          minmay_lair_oklob_chamber, infiniplex_staircase_pool_2
Lair:2:   layout_cave_pods, basic_altar, ldierk_geyser
Lair:3:   layout_concentric_octagons, minmay_shoals_entry_lonely_mermaid,
          dummy_snake_entry
Lair:4:   layout_loops_ring, beast_lair_carwin_8
Lair:5:   layout_cave_pods, dpeg_slime_entry_enclosed_altar
Lair:6:   grunt_lair_end_beastmaster, layout_misc_corridors
Shoals:1: layout_shoals
Shoals:2: layout_shoals, regret_index_shoals_crete
Shoals:3: layout_shoals, serial_shops, nicolae_shop_trees, uniq_aizul
Shoals:4: shoals_end_grunt_ice, layout_shoals, shoals_ilsuiw_alternative,
          nicolae_alphabet_shops, uniq_polyphemus
Snake:1:  layout_gridlike, serial_shops, shop, shop, nicolae_square_shop,
          nicolae_shop_waterfront
Snake:2:  layout_basic
Snake:3:  layout_grid_shapes
Orc:1:    layout_caves
Orc:2:    st_orc_congregation, layout_caves, ebering_ghost_inner_flame,
          uniq_erolcha
Elf:1:    elf_arrival_002, layout_loops_corners,
          hangedman_elven_crosses_minicolossus, drop_trap
Elf:2:    elven_hall_of_blades_hangedman_original
          [nicolae_blade_entry_antechamber], layout_geoelf_diagonals,
          serial_shops, nicolae_shop_behind_doors, david_defended_altar_elf,
          uniq_azrael, uniq_roxanne, uniq_agnes
Elf:3:    elf_hall, layout_geoelf_castle
Vaults:1: gammafunk_vaults_ghost_cemetery, vaults_dpeg_hooks,
          vaults_standard_mumra_enter_the_diamond, ontoclasm_vaults_pinch,
          vaults_room_semicircle, ontoclasm_vaults_idyll, vaults_mumra_lcd,
          nicolae_vaults_theta, hangedman_vaults_impose,
          vaults_dpeg_encased_lava, nicolae_vaults_what_the_h,
          nicolae_vaults_rhombus_6, vaults_dpeg_doors, v_misc_18,
          nicolae_vaults_alarming, layout_vaults_omnicross
Vaults:2: vaults_room_pools, ontoclasm_vaults_tryst,
          minmay_crypt_entry_nasty_monster, vaults_mumra_minichess, v_misc_30,
          vaults_room_pool, ontoclasm_vaults_idyll,
          ontoclasm_vaults_loading_screen, hangedman_vaults_stitches,
          nicolae_vaults_big_angled_halls, nicolae_vaults_specimen_jars,
          ontoclasm_vaults_loading_screen, ontoclasm_vaults_ring_large,
          ontoclasm_vaults_decontamination, layout_vaults_omnibox
Vaults:3: hangedman_vaults_trim, hangedman_vaults_trim, vaults_room_pools,
          nicolae_vaults_puzzle_piece, grunt_vaults_focal,
          hangedman_vaults_trim, vaults_dpeg_spiral, v_misc_3,
          nicolae_vaults_ring_of_whatevers, vaults_room_fancy_cross,
          ontoclasm_vaults_misaligned, layout_vaults_omnigrid, serial_shops,
          nicolae_shop_temple_entry_statues_fountains,
          lightli_enter_wizlab_magi_temple
Vaults:4: vaults_room_door_ring, ontoclasm_vaults_ring_small, v_misc_12,
          vaults_room_pool, hangedman_vaults_nails,
          nicolae_vaults_halls_meeting, v_misc_17, v_misc_2, v_misc_32,
          v_pattern_5, nicolae_vaults_little_squares_4, v_alt_pattern_1,
          nicolae_vaults_little_squares_3, layout_vaults_ring, uniq_margery
Abyss:2:  base: Elf:3, due_exit_kobolds

Skill      XL: |  1  2  3  4  5  6  7  8  9 10 11 12 13 14 15 16 17 18 19 20 21 |
---------------+----------------------------------------------------------------+-----
Poison Magic   | 4 5 6 7 9 10 | 10.0
Conjurations   | 2 3 4 6 7 8 9 10 11 12 13 14 15 16 17 18 | 18.2
Dodging        | 3 5 7 8 9 10 11 | 11.0
Fighting       | 3 5 7 10 11 13 | 13.6
Spellcasting   | 3 4 6 7 8 9 10 11 12 | 12.0
Staves         | 7 10 12 13 14 | 14.0
Translocations | 2 5 7 |  7.5
Air Magic      | 2 7 10 12 13 14 16 18 | 18.2
Evocations     | 6 8 |  8.1
Shields        | 1 4 |  4.0
Fire Magic     | 6 |  6.3
Stealth        | |  1.7
Transmutations | |  1.0

Action                   |  1- 3 |  4- 6 |  7- 9 | 10-12 | 13-15 | 16-18 | 19-21 || total
-------------------------+-------+-------+-------+-------+-------+-------+-------++-------
Melee: Unarmed           |    18 |       |       |       |       |       |       ||    18
       Dagger            |    43 |       |       |       |       |       |       ||    43
       Tailslap          |     5 |    11 |    11 |    39 |    62 |    48 |   128 ||   304
       Lajatang          |       |   137 |   111 |   322 |   548 |   136 |       ||  1254
       Staff             |       |       |       |       |       |   292 |   930 ||  1222
 Cast: Sting             |    41 |    33 |    37 |    34 |    22 |    10 |     5 ||   182
       Poisonous Vapours |     9 |    40 |    21 |    26 |    52 |    16 |       ||   164
       Olgreb's Toxic Ra |       |       |    16 |    48 |   112 |    32 |     1 ||   209
       Mephitic Cloud    |       |       |     3 |    11 |    21 |       |       ||    35
       Foxfire           |       |       |   102 |   101 |    21 |       |       ||   224
       Iskenderun's Myst |       |       |       |    16 |    88 |    47 |    92 ||   243
       Airstrike         |       |       |       |       |   184 |   415 |   143 ||   742
       Lightning Bolt    |       |       |       |       |    15 |    65 |    75 ||   155
       Blink             |       |       |       |       |     1 |     1 |       ||     2
       Fireball          |       |       |       |       |       |    22 |     3 ||    25
       Conjure Ball Ligh |       |       |       |       |       |     7 |       ||     7
       Apportation       |       |       |       |       |       |    10 |       ||    10
       Orb of Destructio |       |       |       |       |       |       |    69 ||    69
       Starburst         |       |       |       |       |       |       |     1 ||     1
Invok: Potion Petition   |       |       |       |     1 |     1 |     1 |     2 ||     5
       Call Merchant     |       |       |       |       |     3 |       |       ||     3
 Abil: Breathe Steam     |       |       |     2 |    34 |    60 |    54 |    42 ||   192
Evoke: Wand              |       |       |     3 |     5 |     1 |    14 |     4 ||    27
       Condenser vane    |       |       |       |     1 |       |     1 |       ||     2
       Staff of Olgreb   |       |       |       |       |       |     1 |    64 ||    65
  Use: Scroll            |     2 |    11 |     6 |    14 |     6 |     9 |    13 ||    61
       Potion            |       |     1 |     2 |     2 |     2 |    10 |     5 ||    22
 Stab: Sleeping          |       |     2 |     1 |     2 |     2 |     1 |       ||     8
       Distracted        |       |       |     1 |     3 |     3 |     1 |     3 ||    11
       Confused          |       |       |       |     2 |     3 |       |       ||     5
Armor: Skin              |    50 |    73 |   118 |   254 |   242 |   286 |   256 ||  1279
Dodge: Dodged            |    75 |   126 |   129 |   330 |   323 |   372 |   420 ||  1775
Block: Buckler           |       |       |       |       |       |   191 |   488 ||   679
       Reflection        |       |       |       |       |       |    31 |    37 ||    68
